AoeStats
← mateuspmed93

Arabia

507581667Analyzed
1v1 RM · 12d ago on Sep 18, 2026· 46m 45s· 2 players
Game mode
Random Map
Map size
Tiny (2 player)
Population
200
Speed
Normal
Resources
Standard
Victory
Conquest
Starting age
Dark Age
Ending age
Imperial Age
RankedLock teamsTeams togetherTeam positionsShared explorationLock speedFull tech treeHidden civsTurbo modeCheats
Victory
Defeat
🇧🇷 Franks · Brazil
814
+35
🇨🇱 Armenians · Chile
756
-13
memobarria
2:16 Loom
11:18 Feudal Age
11:52 Man-at-Arms
14:00 Scale Mail Armor
14:27 Long Swordsman
15:21 Double-Bit Axe
15:45 Arson
18:43 Forging
27:59 Castle Age
26:35 Wheelbarrow
27:25 Gold Mining
27:25 Stone Mining
31:49 Town Watch
33:53 Two-Handed Swordsman
41:14 Gambesons
46:20 Town Patrol
mateuspmed93
8:37 Loom
11:17 Feudal Age
14:40 Wheelbarrow
17:18 Castle Age
28:35 Murder Holes
41:54 Double-Bit Axe
42:33 Arson
42:49 Squires
42:35 Gambesons
45:08 Scale Mail Armor
Connection lost

Rejoining the realm…

Still unreachable

The connection could not be restored.

Session expired

The server has moved on; the page needs a fresh start.